 Dungeon Crawl Stone Soup version 0.30.0-13-g156ef70053 (webtiles) character file.

Game seed: 4794666885421886594

82 croobank the Firebug (level 4, -7/35 HPs)
             Began as a Draconian Fire Elementalist on May 17, 2023.
             Mangled by Menkaure (13 damage)
             ... on level 3 of the Dungeon.
             The game lasted 00:08:40 (2731 turns).

croobank the Firebug (Draconian Fire Elementalist)  Turns: 2731, Time: 00:08:40

Health: -7/35      AC:  5    Str: 17    XL:     4   Next: 21%
Magic:  16/16      EV: 12    Int: 17    God:
Gold:   108        SH:  0    Dex: 11    Spells: 1/7 levels left

rFire   . . .        a - +0 falchion
rCold   . . .        (no shield)
rNeg    . . .        (body armour unavailable)
rPois   .            (helmet restricted)
rElec   .            (no cloak)
rCorr   .            (no gloves)
SInv    .            (no boots)
Will    .....        (no amulet)
Stlth   +            n - +6 ring of strength
HPRegen 0.25/turn    o - ring of magical power
MPRegen 0.15/turn

%: no passive effects
@: confused, ambrosia-drunk
A: AC +5, unfitting armour, cold-blooded
a: no special abilities


You were on level 3 of the Dungeon.
You visited 1 branch of the dungeon, and saw 3 of its levels.

You collected 122 gold pieces.
You spent 14 gold pieces at shops.

Inventory:

Hand Weapons
 a - a +0 falchion (weapon)
 c - a +0 dagger
 l - a +0 short sword
Magical Staves
 i - a staff of death
Jewellery
 n - a +6 ring of strength (left hand)
 o - a ring of magical power (right hand)
Scrolls
 b - 3 scrolls of noise
 f - 3 scrolls of identify
 g - a scroll of teleportation {unknown}
 h - a scroll of fear {unknown}
 m - a scroll of amnesia {unknown}
 q - a scroll of torment {unknown}
Potions
 j - a potion of brilliance {unknown}
 k - a potion of haste {unknown}
 p - a potion of resistance {unknown}


   Skills:
 + Level 1.2 Fighting
 + Level 2.3 Dodging
 + Level 2.4 Stealth
 + Level 2.4 Spellcasting
 + Level 1.8 Conjurations
 + Level 3.4 Fire Magic


You had one spell level left.
You knew the following spells:

 Your Spells              Type           Power      Damage    Failure   Level
a - Foxfire               Conj/Fire      44%        2x1d6     6%          1
b - Scorch                Fire           26%        2d6       7%          2
c - Inner Flame           Hex/Fire       7%         N/A       28%         3

Your spell library contained the following spells:

 Spells                   Type           Power      Damage    Failure   Level
 Volatile Blastmotes      Fire/Tloc      14%        2d11      28%         3
 Flame Wave               Conj/Fire      11%        2d6       52%         4


Dungeon Overview and Level Annotations

Branches:
Dungeon (3/15)

Altars:
Kikubaaqudgha
Wu Jian
Yredelemnul

Shops:
D:1 ?*

Annotations:
D:3 1 transporter, Menkaure


Innate Abilities, Weirdness & Mutations

Your plain brown scales are hard. (AC +5)
You cannot fit into any form of body armour.
You are cold-blooded and may be slowed by cold attacks.


Message History

Pain shoots through your body!
* * * LOW HITPOINT WARNING * * *
The scorpion zombie hits you but does no damage.
You feel better. Menkaure barely misses you.
The scorpion zombie hits you but does no damage.
Your magical contamination has completely faded away.
Casting: Scorch (safe; 7% risk of failure)
Confirm with . or Enter, or press ? or * to list all spells.
You don't have enough magic to cast this spell.
Okay, then.
As you read the scroll labelled EFUNI FYXTOPN, it crumbles to dust.
It is a scroll of identify.
e - a potion of ambrosia Menkaure gestures at you while chanting.
You barely resist.
The scorpion zombie hits you but does no damage.
You are confused.
You feel invigorated. Menkaure casts a spell at you.
Pain shoots through your body! The scorpion zombie hits you. Menkaure hits you!
* * * LOW HITPOINT WARNING * * *
You hit Menkaure but do no damage.
Menkaure is severely damaged.
The scorpion zombie hits you. Menkaure hits you but does no damage.
You closely miss Menkaure.
Menkaure is severely damaged.
Menkaure gestures at you while chanting.
Pain shoots through your body! The scorpion zombie hits you.
Menkaure points at you and mumbles some strange words.
Pain shoots through your body!
* * * LOW HITPOINT WARNING * * *
The scorpion zombie hits you.
* * * LOW HITPOINT WARNING * * *
You are too confused!
Okay, then.
You barely miss Menkaure.
Menkaure is severely damaged.
Menkaure is no longer more vulnerable to fire.
Menkaure hits you!
You die...

.#.....#$.###M###..#.##.#
.
.#.....#_.#8#.#8#..#.##.#
.#.##..#=..........#..#.#
......©#⌠....©.....#©.†.#
##.#...#?..........#....#
##.....#_.#8#.#8#..#.##.#
.......#$.###.###..#.# .#
.#.....#[........M.#.# #
.#.....#©.......@Z.#.#
..#....#############.#
.....................#
<.###.###.######.#####
.## #.# .# #.# .# #.# .#
#.# .# #.# #.# .. #.# ##


You could see Menkaure (fast) and a scorpion zombie.

Vanquished Creatures
  An adder (D:2)
  A shadow imp (D:3)
  An adder zombie (D:3)
  2 worms (D:2)
  2 dart slugs
  5 bats
  3 endoplasms
  2 giant cockroaches (D:2)
  7 goblins
  3 hobgoblins (D:1)
  2 jackals (D:1)
  4 quokkas
  3 ball pythons
  3 frilled lizards
  2 kobolds
  10 rats
51 creatures vanquished.

Vanquished Creatures (others)
  112 foxfires
112 creatures vanquished.

Grand Total: 163 creatures vanquished

Notes
Turn   | Place    | Note
-------+----------+-------------------------------------------
     0 | D:1      | croobank the Draconian Fire Elementalist began the quest
                  | for the Orb.
     0 | D:1      | Reached XP level 1. HP: 14/14 MP: 3/3
   372 | D:1      | Reached XP level 2. HP: 20/20 MP: 0/5
   375 | D:1      | Learned a level 2 spell: Scorch
   469 | D:1      | Found Ogeos's Assorted Antiques.
   783 | D:1      | Found Puhacsir's Magic Scroll Boutique.
   823 | D:1      | Bought a scroll of noise for 14 gold pieces
  1040 | D:1      | Reached XP level 3. HP: 27/27 MP: 1/6
  1044 | D:1      | Learned a level 3 spell: Inner Flame
  1559 | D:2      | Reached skill level 1 in Fighting
  2237 | D:2      | Found an ornate altar of the Wu Jian Council.
  2495 | D:3      | Found a transporter.
  2495 | D:3      | Found a basalt altar of Yredelemnul.
  2497 | D:3      | Found an ancient bone altar of Kikubaaqudgha.
  2497 | D:3      | Noticed Menkaure
  2528 | D:3      | Reached XP level 4. HP: 35/35 MP: 6/7
  2695 | D:3      | Found a transporter.
  2730 | D:3      | HP: 1/35 [scorpion zombie (2)]
  2731 | D:3      | Mangled by Menkaure

Illustrated notes

Levels and vault maps discovered:
D:1:      saegor_arrival_simple_a, layout_loops_ring, serial_shops,
          nicolae_shop_rolling_square, shop_fountains,
          hangedman_abyss_or_decor_stabs, kennysheep_crisscross
D:2:      layout_loops_ring, basic_altar
D:3:      layout_loops_ring, gammafunk_temple_of_torment,
          nemelex_diamond_rough_becter

Skill      XL: |  1  2  3 |
---------------+----------+-----
Stealth        | 2 |  2.4
Dodging        | 2 |  2.3
Fighting       | 1 |  1.2
Spellcasting   | |  2.4
Conjurations   | |  1.8
Fire Magic     | |  3.4

Action                     |  1- 3 |  4- 6 || total
---------------------------+-------+-------++-------
  Melee: Unarmed           |     8 |       ||     8
         Tailslap          |     2 |     2 ||     4
         Falchion          |    15 |    12 ||    27
   Cast: Foxfire           |    66 |     2 ||    68
         Scorch            |    15 |     9 ||    24
    Use: Potion            |     1 |     4 ||     5
         Scroll            |       |     1 ||     1
 Armour: Skin              |    17 |    14 ||    31
  Dodge: Dodged            |    34 |    32 ||    66
